 Dungeon Crawl Stone Soup version 0.16.0 (webtiles) character file.

149 JohnnyRipsauce the Changer (level 5, -12/25 HPs)
             Began as a Vine Stalker Transmuter on Mar 16, 2015.
             Mangled by Sigmund
             ... wielding a +0 scythe
              (14 damage)
             ... on level 3 of the Dungeon.
             The game lasted 00:28:24 (1851 turns).

JohnnyRipsauce the Changer (VSTm)                   Turns: 1851, Time: 00:28:24

Health: -12/25     AC:  2    Str: 13    XL:     5   Next: 31%
Magic:  0/11       EV: 19    Int: 14    God:
Gold:   146        SH:  0    Dex: 19    Spells: 2 memorised, 4 levels left

rFire  . . .     SeeInvis .       - Unarmed
rCold  . . .     Clarity  .     c - melded +0 robe
rNeg   . . .     SustAb   .     (shield currently unavailable)
rPois  x         Gourm    .     (helmet currently unavailable)
rElec  .         Spirit   +     (cloak currently unavailable)
rCorr  .         Warding  .     (gloves currently unavailable)
rMut   .         Rnd*Tele +     (boots currently unavailable)
MR     .....                    (no amulet)
Stlth  ++........               (no ring)
                                l - ring of teleportation (curse)

@: lethally poisoned (-12 -> -14), spider-form (expiring), very slightly
contaminated, not resistant to hostile enchantments, unstealthy
A: (fangs 0), regeneration 1, magic shield, (antimagic bite), no device heal 3,
rot immunity
a: End Transformation, Evoke Teleportation


You were on level 3 of the Dungeon.
You were not hungry.
You were a venomous arachnid creature.
You visited 1 branch of the dungeon, and saw 3 of its levels.

You collected 146 gold pieces.

Inventory:

Missiles
 b - 23 arrows
 e - 64 stones (quivered)
 g - 11 poisoned needles
Armour
 c - a +0 robe (melded)
Jewellery
 l - a cursed ring of teleportation (left front leg)
Scrolls
 h - 3 scrolls of identify {unknown}
 i - a scroll of remove curse {unknown}
 m - a scroll of enchant armour {unknown}
 n - a scroll of noise {unknown}
 o - a scroll of recharging {unknown}
 p - a scroll of magic mapping {unknown}
Potions
 j - a potion of curing {unknown}
 k - a potion of cancellation {unknown}
Books
 d - a book of Changes

   Spells                             Type                      Level
   a - Beastly Appendage              Transmutation                1
   b - Sticks to Snakes               Transmutation                2
   c - Spider Form                    Transmutation/Poison         3
   d - Ice Form                       Ice/Transmutation            4
   e - Blade Hands                    Transmutation                5
Comestibles
 a - 3 bread rations
 f - 2 meat rations
 q - 5 chunks of flesh


   Skills:
 - Level 0.8 Fighting
 - Level 1.5 Dodging
 - Level 3.0 Unarmed Combat
 - Level 2.1 Spellcasting
 + Level 5.3 Transmutations


You had 4 spell levels left.
You knew the following spells:

 Your Spells              Type           Power        Failure   Level  Hunger
a - Beastly Appendage     Trmt           ###...       10%         1    #......
b - Spider Form           Trmt/Pois      #.........   45%         3    ###....


Dungeon Overview and Level Annotations

Branches:
Dungeon (3/15)

Altars:
Dithmenos
Elyvilon
Nemelex Xobeh
Sif Muna

Annotations:
D:3 Sigmund


Innate Abilities, Weirdness & Mutations

((You have extremely sharp teeth.))
Your natural rate of healing is unusually fast.
When hurt, damage is shared between your health and your magic reserves.
((Your bite disrupts and absorbs the magic of your enemies.))
Potions and wands cannot restore your health.
You are immune to rotting.


Message History

You hit the adder.
The adder is poisoned.
You bite the adder, but do no damage.
The adder is moderately wounded.
You feel sick. The adder completely misses you. Something hits you!
Ouch! That really hurt!
* * * LOW HITPOINT WARNING * * *
The adder completely misses you.
You closely miss the adder. You bite the adder, but do no damage.
The adder is moderately wounded.
The adder closely misses you.
You hit the adder but do no damage.
The adder looks even sicker.
The adder is moderately wounded.
You feel sick. Something hits you.
* * * LOW HITPOINT WARNING * * *
The adder completely misses you.
You miss the adder. You bite the adder, but do no damage.
The adder is moderately wounded.
You kill the adder!
Something hits you!
Ouch! That really hurt!
You die...

#....# ########### .....####
#...<.......( ##........
#..........h.> #.........
#............. #.........
#........... #.........
+........# #........<
##........###########.#####รท
...........hs.....(..........
###.......###########.#.#.##
#.......# #g#.#.# #.......#
#.#.#.# #........ #.#...#
#.......## #.#.### ..$....#
#.#.. ......# #.#######.###
#### ...........###


You could see a jackal.

Vanquished Creatures
  3 gnolls (D:2)
  6 adders
  A worm (D:2)
  3 giant geckos (D:2)
  2 oozes
  An orc (D:3)
  A giant cockroach (D:1)
  6 goblins
  12 hobgoblins
  7 bats
  4 giant newts
  A jackal (D:3)
  10 kobolds
  A quokka (D:1)
  5 rats
63 creatures vanquished.

Notes
Turn   | Place    | Note
--------------------------------------------------------------
     0 | D:1      | JohnnyRipsauce, the Vine Stalker Transmuter, began the quest for the Orb.
     0 | D:1      | Reached XP level 1. HP: 9/9 MP: 3/3
   196 | D:1      | Reached XP level 2. HP: 14/14 MP: 3/5
   648 | D:1      | Reached XP level 3. HP: 15/17 MP: 5/7
   739 | D:2      | Learned a level 3 spell: Spider Form
   799 | D:2      | Found a sparkling altar of Nemelex Xobeh.
   887 | D:2      | Reached skill level 4 in Transmutations
   902 | D:2      | Found a deep blue altar of Sif Muna.
   955 | D:2      | Reached XP level 4. HP: 18/21 MP: 3/8
   981 | D:2      | Found a white marble altar of Elyvilon.
  1529 | D:2      | Found a shadowy altar of Dithmenos.
  1714 | D:2      | Reached skill level 5 in Transmutations
  1714 | D:2      | Reached XP level 5. HP: 23/25 MP: 2/11
  1841 | D:3      | Noticed Sigmund
  1850 | D:3      | HP: 1/25 [something (5)]
  1851 | D:3      | Mangled by Sigmund

Action                   |  1- 3 |  4- 6 || total
-------------------------+-------+-------++-------
Melee: Unarmed           |    81 |    53 ||   134
 Cast: Beastly Appendage |    19 |     3 ||    22
       Spider Form       |     7 |    16 ||    23
  Eat: Chunk             |     2 |     5 ||     7
